[ PARTIDA AOE2 · #496645659 ]
UnrankedTeutones vs Portuguese
Equipo del jugador · DERR
Equipo rival · VICT
[ ANÁLISIS DE REPETICIÓN · EXTRAÍDO DE LA PARTIDA GRABADA ]
Feudal
8:51
Castillos
21:41
Imperial
39:20
| APM promedio | 61.8 |
| APM pico | 104 |
| eAPM promedio | 35.2 |
| Aldeanos / militares | 379 / 695 |
Foco
⚔️ 35.8% · 🌾 64.2%
Skirmisher ×203 · Knight ×195 · Scout Cavalry ×130 · Spearman ×123 · Trebuchet (Packed) ×12 · Monk ×9
Feudal
8:46
Castillos
21:50
Imperial
41:13
| APM promedio | 80.6 |
| APM pico | 120 |
| eAPM promedio | 47.8 |
| Aldeanos / militares | 452 / 767 |
Foco
⚔️ 50.8% · 🌾 49.2%
Scout Cavalry ×416 · Archer ×136 · Knight ×106 · Cavalry Archer ×56 · Skirmisher ×23 · Trebuchet (Packed) ×11
Mapa de la partida
Recursos iniciales + cada clic de construcción. Líneas = muros · curvas = relieve. ◆ oro · ⬟ piedra · ● bayas · ✦ reliquia · ◌ hueco del cierre
Tu base· Abierta — flanco sin cerrar
Base de Oni.Lewis· Abierta — flanco sin cerrar
Terreno inicial suavizado · ◌ = hueco del cierre detectado · pasá el cursor para detalles
Inputs por minuto
— Thành Cổ Quảng Trị - - Oni.Lewis
Build order — Thành Cổ Quảng Trị
Primeras 150 de 1096 acciones detectadas
| 0:01 | Crear | Villager (Male) |
| 0:02 | Construir | House |
| 0:02 | Construir | House |
| 0:10 | Crear | Villager (Male) |
| 0:14 | Crear | Villager (Male) |
| 0:14 | Crear | Villager (Male) |
| 0:14 | Crear | Villager (Male) |
| 1:24 | Crear | Villager (Male) |
| 1:44 | Construir | Lumber Camp |
| 1:59 | Crear | Villager (Male) |
| 1:59 | Crear | Villager (Male) |
| 2:15 | Crear | Villager (Male) |
| 2:47 | Crear | Villager (Male) |
| 2:47 | Crear | Villager (Male) |
| 3:17 | Crear | Villager (Male) |
| 3:17 | Crear | Villager (Male) |
| 3:46 | Crear | Villager (Male) |
| 3:46 | Crear | Villager (Male) |
| 3:55 | Construir | House |
| 4:00 | Crear | Villager (Male) |
| 4:00 | Crear | Villager (Male) |
| 4:42 | Crear | Villager (Male) |
| 4:42 | Crear | Villager (Male) |
| 5:42 | Construir | Mill |
| 5:48 | Crear | Villager (Male) |
| 6:15 | Investigar | Loom |
| 6:36 | Investigar | Feudal Age |
| 7:14 | Crear | Villager (Male) |
| 7:57 | Construir | House |
| 8:05 | Construir | Barracks |
| 8:16 | Construir | Palisade Wall |
| 8:51 | Edad | Edad Feudal |
| 8:54 | Crear | Spearman |
| 8:57 | Construir | Archery Range |
| 9:00 | Crear | Villager (Male) |
| 9:02 | Investigar | Double-Bit Axe |
| 9:05 | Crear | Villager (Male) |
| 9:15 | Construir | House |
| 9:17 | Construir | Palisade Wall |
| 9:18 | Construir | Palisade Wall |
| 9:23 | Construir | Palisade Wall |
| 9:23 | Construir | Palisade Wall |
| 9:30 | Crear | Spearman |
| 9:32 | Crear | Villager (Male) |
| 9:52 | Construir | House |
| 9:53 | Crear | Skirmisher |
| 9:53 | Crear | Skirmisher |
| 9:56 | Crear | Villager (Male) |
| 10:02 | Crear | Skirmisher |
| 10:02 | Crear | Skirmisher |
| 10:20 | Crear | Skirmisher |
| 10:32 | Crear | Villager (Male) |
| 10:32 | Crear | Villager (Male) |
| 10:34 | Construir | Farm |
| 10:55 | Crear | Skirmisher |
| 10:57 | Crear | Spearman |
| 11:01 | Construir | House |
| 11:18 | Crear | Skirmisher |
| 11:19 | Crear | Villager (Male) |
| 11:19 | Crear | Villager (Male) |
| 11:21 | Construir | Farm |
| 11:21 | Construir | Farm |
| 11:22 | Construir | Farm |
| 11:46 | Construir | Watch Tower |
| 11:53 | Crear | Villager (Male) |
| 11:56 | Crear | Skirmisher |
| 12:26 | Crear | Villager (Male) |
| 12:29 | Crear | Skirmisher |
| 12:40 | Construir | Farm |
| 12:41 | Construir | Farm |
| 12:42 | Construir | House |
| 12:43 | Construir | Farm |
| 12:44 | Construir | Farm |
| 12:44 | Construir | Farm |
| 13:02 | Construir | Farm |
| 13:03 | Construir | Farm |
| 13:10 | Construir | Watch Tower |
| 13:19 | Crear | Skirmisher |
| 13:29 | Crear | Skirmisher |
| 13:48 | Crear | Spearman |
| 14:04 | Crear | Skirmisher |
| 14:04 | Crear | Villager (Male) |
| 14:05 | Crear | Spearman |
| 14:06 | Crear | Villager (Male) |
| 14:12 | Construir | Mining Camp |
| 14:13 | Construir | House |
| 14:15 | Construir | House |
| 14:22 | Construir | House |
| 14:23 | Construir | Palisade Wall |
| 14:30 | Construir | Palisade Wall |
| 14:30 | Construir | Palisade Wall |
| 14:31 | Construir | Palisade Wall |
| 14:46 | Construir | Farm |
| 14:47 | Construir | Farm |
| 14:49 | Construir | Farm |
| 14:50 | Construir | Farm |
| 14:57 | Crear | Villager (Male) |
| 15:05 | Construir | Farm |
| 15:08 | Construir | House |
| 15:36 | Crear | Skirmisher |
| 15:37 | Crear | Villager (Male) |
| 15:43 | Crear | Villager (Male) |
| 15:44 | Crear | Skirmisher |
| 15:57 | Crear | Villager (Male) |
| 16:05 | Construir | Farm |
| 16:08 | Crear | Skirmisher |
| 16:20 | Construir | Farm |
| 16:31 | Construir | House |
| 16:32 | Construir | House |
| 16:42 | Crear | Villager (Male) |
| 16:49 | Crear | Skirmisher |
| 17:07 | Construir | Mining Camp |
| 17:17 | Crear | Villager (Male) |
| 17:38 | Crear | Villager (Male) |
| 18:05 | Crear | Villager (Male) |
| 18:09 | Construir | Stable |
| 18:33 | Crear | Villager (Male) |
| 19:01 | Investigar | Castle Age |
| 19:02 | Investigar | Castle Age |
| 19:05 | Construir | Lumber Camp |
| 19:21 | Crear | Skirmisher |
| 19:31 | Crear | Skirmisher |
| 19:47 | Crear | Villager (Male) |
| 19:56 | Crear | Scout Cavalry |
| 19:56 | Crear | Scout Cavalry |
| 20:16 | Construir | Blacksmith |
| 20:24 | Crear | Skirmisher |
| 20:43 | Crear | Skirmisher |
| 20:46 | Crear | Scout Cavalry |
| 20:46 | Investigar | Horse Collar |
| 20:47 | Crear | Villager (Male) |
| 20:50 | Construir | House |
| 21:05 | Investigar | Fletching |
| 21:05 | Investigar | Fletching |
| 21:15 | Construir | Watch Tower |
| 21:22 | Construir | Watch Tower |
| 21:41 | Edad | Edad de los Castillos |
| 21:57 | Construir | Watch Tower |
| 22:00 | Investigar | Elite Skirmisher (upgrade) |
| 22:01 | Investigar | Elite Skirmisher (upgrade) |
| 22:01 | Investigar | Bodkin Arrow |
| 22:01 | Investigar | Bodkin Arrow |
| 22:02 | Crear | Knight |
| 22:03 | Crear | Knight |
| 22:22 | Crear | Knight |
| 22:34 | Crear | Villager (Male) |
| 22:55 | Construir | Watch Tower |
| 23:01 | Crear | Villager (Male) |
| 23:01 | Crear | Villager (Male) |
| 23:03 | Construir | Monastery |
Build order — Oni.Lewis
Primeras 150 de 1691 acciones detectadas
| 0:00 | Crear | Villager (Male) |
| 0:01 | Crear | Villager (Male) |
| 0:02 | Construir | House |
| 0:03 | Construir | House |
| 0:08 | Crear | Villager (Male) |
| 0:15 | Crear | Villager (Male) |
| 1:32 | Crear | Villager (Male) |
| 1:58 | Crear | Villager (Male) |
| 1:59 | Crear | Villager (Male) |
| 2:06 | Crear | Villager (Male) |
| 2:45 | Crear | Villager (Male) |
| 2:47 | Crear | Villager (Male) |
| 3:05 | Construir | Lumber Camp |
| 3:14 | Crear | Villager (Male) |
| 3:14 | Crear | Villager (Male) |
| 3:55 | Crear | Villager (Male) |
| 4:06 | Crear | Villager (Male) |
| 4:07 | Construir | House |
| 4:14 | Crear | Villager (Male) |
| 4:15 | Crear | Villager (Male) |
| 4:28 | Crear | Villager (Male) |
| 4:35 | Construir | House |
| 5:28 | Crear | Villager (Male) |
| 5:39 | Crear | Villager (Male) |
| 5:45 | Construir | Mill |
| 5:56 | Investigar | Loom |
| 6:14 | Investigar | Loom |
| 6:33 | Investigar | Feudal Age |
| 7:02 | Crear | Villager (Male) |
| 7:36 | Crear | Villager (Male) |
| 7:53 | Construir | Barracks |
| 8:00 | Crear | Villager (Male) |
| 8:07 | Construir | House |
| 8:17 | Crear | Villager (Male) |
| 8:29 | Crear | Villager (Male) |
| 8:34 | Construir | House |
| 8:46 | Edad | Edad Feudal |
| 8:47 | Crear | Villager (Male) |
| 8:50 | Construir | Stable |
| 9:07 | Investigar | Double-Bit Axe |
| 9:07 | Investigar | Double-Bit Axe |
| 9:14 | Crear | Villager (Male) |
| 9:22 | Crear | Spearman |
| 9:31 | Crear | Scout Cavalry |
| 9:44 | Construir | Palisade Wall |
| 9:45 | Construir | Palisade Wall |
| 9:46 | Construir | Palisade Wall |
| 9:47 | Construir | Palisade Wall |
| 9:48 | Construir | Palisade Wall |
| 9:53 | Crear | Scout Cavalry |
| 10:00 | Crear | Villager (Male) |
| 10:18 | Construir | Archery Range |
| 10:24 | Crear | Scout Cavalry |
| 10:26 | Crear | Villager (Male) |
| 10:35 | Crear | Villager (Male) |
| 10:56 | Crear | Villager (Male) |
| 11:13 | Crear | Skirmisher |
| 11:15 | Crear | Villager (Male) |
| 11:19 | Construir | House |
| 11:20 | Crear | Villager (Male) |
| 11:37 | Construir | Farm |
| 11:37 | Construir | Farm |
| 11:44 | Construir | House |
| 11:46 | Crear | Skirmisher |
| 11:51 | Construir | Watch Tower |
| 11:53 | Crear | Villager (Male) |
| 12:01 | Crear | Skirmisher |
| 12:06 | Crear | Villager (Male) |
| 12:12 | Crear | Villager (Male) |
| 12:35 | Crear | Skirmisher |
| 12:46 | Construir | Farm |
| 12:48 | Construir | Farm |
| 12:50 | Construir | House |
| 12:52 | Construir | House |
| 12:55 | Construir | House |
| 12:57 | Crear | Skirmisher |
| 13:02 | Crear | Skirmisher |
| 13:25 | Crear | Villager (Male) |
| 13:38 | Crear | Skirmisher |
| 13:46 | Crear | Villager (Male) |
| 14:03 | Crear | Skirmisher |
| 14:06 | Crear | Villager (Male) |
| 14:06 | Crear | Villager (Male) |
| 14:07 | Construir | Farm |
| 14:09 | Construir | Farm |
| 14:09 | Construir | Farm |
| 14:16 | Crear | Skirmisher |
| 14:19 | Crear | Villager (Male) |
| 14:19 | Crear | Villager (Male) |
| 14:22 | Construir | Farm |
| 14:23 | Construir | Farm |
| 14:32 | Crear | Skirmisher |
| 14:44 | Crear | Skirmisher |
| 14:46 | Crear | Villager (Male) |
| 14:54 | Construir | Farm |
| 14:56 | Construir | House |
| 14:59 | Construir | House |
| 15:01 | Crear | Villager (Male) |
| 15:11 | Construir | Mining Camp |
| 15:15 | Construir | Mining Camp |
| 15:29 | Crear | Skirmisher |
| 15:52 | Crear | Skirmisher |
| 15:55 | Construir | Farm |
| 15:55 | Crear | Villager (Male) |
| 16:03 | Crear | Skirmisher |
| 16:09 | Crear | Skirmisher |
| 16:19 | Crear | Skirmisher |
| 16:25 | Construir | Lumber Camp |
| 16:26 | Crear | Villager (Male) |
| 16:27 | Crear | Villager (Male) |
| 16:36 | Crear | Skirmisher |
| 16:44 | Crear | Villager (Male) |
| 16:46 | Construir | Farm |
| 16:46 | Construir | Farm |
| 16:47 | Crear | Villager (Male) |
| 16:52 | Crear | Skirmisher |
| 16:57 | Crear | Villager (Male) |
| 17:06 | Crear | Villager (Male) |
| 17:09 | Crear | Villager (Male) |
| 17:36 | Crear | Villager (Male) |
| 17:51 | Crear | Villager (Male) |
| 17:53 | Construir | Market |
| 17:56 | Crear | Villager (Male) |
| 17:57 | Construir | Mining Camp |
| 18:00 | Construir | Farm |
| 18:07 | Construir | House |
| 18:08 | Construir | House |
| 18:10 | Construir | House |
| 18:11 | Construir | House |
| 18:33 | Crear | Villager (Male) |
| 19:08 | Construir | Farm |
| 19:10 | Investigar | Castle Age |
| 19:10 | Investigar | Castle Age |
| 19:38 | Crear | Skirmisher |
| 19:42 | Crear | Villager (Male) |
| 19:47 | Crear | Skirmisher |
| 19:50 | Construir | Farm |
| 19:53 | Investigar | Horse Collar |
| 20:07 | Crear | Skirmisher |
| 20:09 | Crear | Villager (Male) |
| 20:11 | Construir | Blacksmith |
| 20:14 | Crear | Villager (Male) |
| 20:34 | Crear | Scout Cavalry |
| 20:43 | Crear | Skirmisher |
| 20:46 | Crear | Villager (Male) |
| 20:52 | Construir | Farm |
| 20:59 | Crear | Villager (Male) |
| 20:59 | Crear | Villager (Male) |
| 21:01 | Construir | Farm |
| 21:01 | Construir | Farm |
Cronología de la partida
| 7:53 | Oni.Lewis · first_building Barracks |
| 8:05 | Thành Cổ Quảng Trị · first_building Barracks |
| 8:16 | Thành Cổ Quảng Trị · wall_segment Palisade Wall x1 |
| 8:46 | Oni.Lewis · age_up feudal |
| 8:50 | Oni.Lewis · first_building Stable |
| 8:51 | Thành Cổ Quảng Trị · age_up feudal |
| 8:57 | Thành Cổ Quảng Trị · first_building Archery Range |
| 9:17 | Thành Cổ Quảng Trị · wall_segment Palisade Wall x2 |
| 9:18 | Thành Cổ Quảng Trị · wall_segment Palisade Wall x1 |
| 9:23 | Thành Cổ Quảng Trị · wall_segment Palisade Wall x4 |
| 9:23 | Thành Cổ Quảng Trị · wall_segment Palisade Wall x1 |
| 9:44 | Oni.Lewis · wall_segment Palisade Wall x1 |
| 9:45 | Oni.Lewis · wall_segment Palisade Wall x1 |
| 9:46 | Oni.Lewis · wall_segment Palisade Wall x1 |
| 9:47 | Oni.Lewis · wall_segment Palisade Wall x1 |
| 9:48 | Oni.Lewis · wall_segment Palisade Wall x1 |
| 10:18 | Oni.Lewis · first_building Archery Range |
| 14:23 | Thành Cổ Quảng Trị · wall_segment Palisade Wall x1 |
| 14:30 | Thành Cổ Quảng Trị · wall_segment Palisade Wall x1 |
| 14:30 | Thành Cổ Quảng Trị · wall_segment Palisade Wall x1 |
| 14:31 | Thành Cổ Quảng Trị · wall_segment Palisade Wall x1 |
| 18:09 | Thành Cổ Quảng Trị · first_building Stable |
| 18:44 | Oni.Lewis · first_market_sell 100 stone |
| 19:03 | Oni.Lewis · first_market_buy 100 food |
| 21:38 | Oni.Lewis · wall_segment Palisade Wall x1 |
| 21:40 | Oni.Lewis · wall_segment Palisade Wall x1 |
| 21:41 | Thành Cổ Quảng Trị · age_up castle |
| 21:50 | Oni.Lewis · age_up castle |
| 21:54 | Oni.Lewis · first_building Monastery |
| 22:04 | Oni.Lewis · wall_segment Palisade Wall x1 |
| 22:05 | Oni.Lewis · wall_segment Palisade Wall x1 |
| 22:06 | Oni.Lewis · wall_segment Palisade Wall x1 |
| 22:07 | Oni.Lewis · wall_segment Palisade Wall x1 |
| 22:09 | Oni.Lewis · wall_segment Palisade Wall x1 |
| 22:16 | Oni.Lewis · wall_segment Palisade Wall x1 |
| 23:03 | Thành Cổ Quảng Trị · first_building Monastery |
| 23:51 | Thành Cổ Quảng Trị · first_building Siege Workshop |
| 26:34 | Oni.Lewis · first_building Siege Workshop |
| 27:14 | Oni.Lewis · wall_segment Stone Wall x1 |
| 30:56 | Thành Cổ Quảng Trị · first_market_buy 100 food |
| 31:19 | Thành Cổ Quảng Trị · first_market_sell 100 food |
| 32:18 | Oni.Lewis · wall_segment Palisade Wall x1 |
| 32:19 | Oni.Lewis · wall_segment Palisade Wall x1 |
| 32:22 | Oni.Lewis · wall_segment Palisade Wall x1 |
| 32:25 | Oni.Lewis · wall_segment Palisade Wall x1 |
| 32:30 | Oni.Lewis · wall_segment Palisade Wall x1 |
| 32:41 | Thành Cổ Quảng Trị · wall_segment Palisade Wall x1 |
| 32:43 | Thành Cổ Quảng Trị · wall_segment Palisade Wall x2 |
| 35:32 | Oni.Lewis · first_building Castle |
| 39:20 | Thành Cổ Quảng Trị · age_up imperial |
| 40:50 | Thành Cổ Quảng Trị · first_building Castle |
| 41:13 | Oni.Lewis · age_up imperial |
| 44:12 | Thành Cổ Quảng Trị · wall_segment Palisade Wall x1 |
| 44:14 | Thành Cổ Quảng Trị · wall_segment Palisade Wall x1 |
| 46:23 | Oni.Lewis · wall_segment Palisade Wall x1 |
| 46:23 | Thành Cổ Quảng Trị · wall_segment Palisade Wall x1 |
| 46:25 | Oni.Lewis · wall_segment Palisade Wall x1 |
| 48:23 | Thành Cổ Quảng Trị · wall_segment Palisade Wall x1 |
| 48:31 | Thành Cổ Quảng Trị · wall_segment Palisade Wall x1 |
| 50:50 | Oni.Lewis · wall_segment Stone Wall x1 |
| 50:54 | Oni.Lewis · wall_segment Stone Wall x1 |
| 53:14 | Oni.Lewis · wall_segment Stone Wall x3 |
| 55:04 | Oni.Lewis · wall_segment Stone Wall x1 |
| 55:18 | Oni.Lewis · wall_segment Stone Wall x1 |
| 56:15 | Oni.Lewis · wall_segment Stone Wall x2 |
| 57:32 | Oni.Lewis · wall_segment Stone Wall x6 |
| 58:03 | Oni.Lewis · wall_segment Stone Wall x1 |
| 58:04 | Oni.Lewis · wall_segment Stone Wall x1 |
| 59:23 | Oni.Lewis · wall_segment Stone Wall x1 |
| 59:26 | Oni.Lewis · wall_segment Stone Wall x4 |
| 59:58 | Oni.Lewis · wall_segment Stone Wall x1 |
| 60:01 | Oni.Lewis · wall_segment Stone Wall x1 |
| 60:44 | Oni.Lewis · wall_segment Stone Wall x4 |
| 60:58 | Oni.Lewis · wall_segment Stone Wall x1 |
| 61:12 | Oni.Lewis · wall_segment Stone Wall x7 |
| 61:17 | Oni.Lewis · wall_segment Stone Wall x2 |
| 61:17 | Oni.Lewis · wall_segment Stone Wall x4 |
| 61:20 | Oni.Lewis · wall_segment Stone Wall x4 |
| 61:59 | Oni.Lewis · wall_segment Stone Wall x1 |
| 62:00 | Oni.Lewis · wall_segment Stone Wall x1 |
| 62:02 | Oni.Lewis · wall_segment Stone Wall x4 |
| 62:22 | Oni.Lewis · wall_segment Stone Wall x5 |
| 64:53 | Oni.Lewis · wall_segment Stone Wall x1 |
| 65:34 | Oni.Lewis · wall_segment Palisade Wall x1 |
| 65:39 | Oni.Lewis · wall_segment Palisade Wall x1 |
| 65:40 | Oni.Lewis · wall_segment Palisade Wall x1 |
| 65:41 | Oni.Lewis · wall_segment Palisade Wall x1 |
| 65:42 | Oni.Lewis · wall_segment Palisade Wall x1 |
| 65:43 | Oni.Lewis · wall_segment Palisade Wall x1 |
| 66:52 | Thành Cổ Quảng Trị · wall_segment Palisade Wall x2 |
| 67:41 | Oni.Lewis · wall_segment Stone Wall x4 |
| 67:49 | Oni.Lewis · wall_segment Stone Wall x1 |
| 67:51 | Oni.Lewis · wall_segment Stone Wall x1 |
| 67:54 | Oni.Lewis · wall_segment Stone Wall x1 |
| 68:19 | Thành Cổ Quảng Trị · wall_segment Palisade Wall x1 |
| 68:45 | Oni.Lewis · wall_segment Palisade Wall x1 |
| 70:08 | Oni.Lewis · wall_segment Stone Wall x2 |
| 70:18 | Oni.Lewis · wall_segment Stone Wall x5 |
| 70:33 | Oni.Lewis · wall_segment Stone Wall x1 |
| 70:37 | Oni.Lewis · wall_segment Stone Wall x1 |
| 70:42 | Oni.Lewis · wall_segment Palisade Wall x7 |
| 70:46 | Thành Cổ Quảng Trị · wall_segment Palisade Wall x1 |
| 70:56 | Oni.Lewis · wall_segment Stone Wall x12 |
| 71:05 | Oni.Lewis · wall_segment Stone Wall x2 |
| 71:06 | Oni.Lewis · wall_segment Stone Wall x1 |
| 72:34 | Oni.Lewis · wall_segment Stone Wall x1 |
| 73:18 | Oni.Lewis · wall_segment Stone Wall x1 |
| 73:20 | Oni.Lewis · wall_segment Stone Wall x2 |
| 73:53 | Oni.Lewis · wall_segment Palisade Wall x1 |
| 73:53 | Oni.Lewis · wall_segment Palisade Wall x1 |
| 73:54 | Oni.Lewis · wall_segment Palisade Wall x1 |
| 73:55 | Oni.Lewis · wall_segment Palisade Wall x1 |
| 73:56 | Oni.Lewis · wall_segment Palisade Wall x1 |
| 75:21 | Oni.Lewis · wall_segment Stone Wall x1 |
| 76:57 | Oni.Lewis · wall_segment Stone Wall x1 |
| 80:43 | Oni.Lewis · wall_segment Stone Wall x1 |
| 83:45 | Oni.Lewis · wall_segment Palisade Wall x1 |
[ ANÁLISIS IA · 1 CRÉDITO ]
¿Qué pasó realmente en esta partida?
Wolo.gg analiza cada decisión: build order, eco, micro, errores típicos por bracket. Análisis personalizado por WhatsApp o Discord en 30 segundos.
Guía civ
Teutones
Perfil
Jugador #2660491